 Dungeon Crawl Stone Soup version 0.28-a0-589-g333b8329f1 (webtiles) character file.

Game seed: 12332107956294772103

50 Demosthentine the Poker (level 3, -2/28 HPs)
             Began as a Merfolk Gladiator on Oct 4, 2021.
             Slain by an orc priest (6 damage)
             ... on level 2 of the Dungeon.
             The game lasted 00:01:21 (2343 turns).

Demosthentine the Poker (Merfolk Gladiator)         Turns: 2343, Time: 00:01:22

Health: -2/28      AC:  4    Str: 15    XL:     3   Next: 79%
Magic:  3/3        EV: 13    Int:  7    God:
Gold:   83         SH:  0    Dex: 15    Spells: 2/2 levels left

rFire   . . .      SeeInvis .   a - +0 trident
rCold   . . .      Faith    .   (no shield)
rNeg    . . .      Spirit   .   b - +0 leather armour
rPois   .          Reflect  .   c - +0 helmet
rElec   .          Harm     .   (no cloak)
rCorr   .          Rampage  .   (no gloves)
Will    .....                   (no boots)
Stlth   +.........              (no amulet)
HPRegen 0.09/turn               (no ring)
MPRegen 0.08/turn               (no ring)

@: no status effects
A: (nimble swimmer 2), mertail
a: no special abilities


You were on level 2 of the Dungeon.
You visited 1 branch of the dungeon, and saw 3 of its levels.

You collected 83 gold pieces.

Inventory:

Hand Weapons
 a - a +0 trident (weapon)
Missiles
 d - 3 throwing nets (quivered)
Armour
 b - a +0 leather armour (worn)
 c - a +0 helmet (worn)
Scrolls
 g - a scroll of magic mapping
Potions
 e - a potion of attraction {unknown}
 f - a potion of ambrosia {unknown}
 h - a potion of might {unknown}
 i - 3 potions of degeneration {unknown}


   Skills:
 + Level 2.9 Fighting
 + Level 5.0 Polearms
 - Level 2.0 Throwing
 + Level 1.0 Armour
 + Level 4.6 Dodging


You had 2 spell levels left.
You didn't know any spells.
Your spell library contained the following spells:

 Spells                   Type           Power      Damage    Failure   Level
 Ensorcelled Hibernation  Hex/Ice        0%         N/A       65%         2
 Tukima's Dance           Hex            0%         N/A       86%         3


Dungeon Overview and Level Annotations

Branches:
Dungeon (3/15)

Altars:

Shops:
D:2 [?


Innate Abilities, Weirdness & Mutations

((You are quick and stealthy near water. (Stealth+, EV+, Speed+++)))
Your lower body shifts to a powerful aquatic tail in water.


Message History

You climb downwards.
The orc priest calls down the wrath of Beogh upon you.
Beogh smites you! The orc priest completely misses you.
There is a stone staircase leading up here.
The orc priest barely misses you.
You climb upwards.
There is a stone staircase leading down here.
You barely miss the orc priest.
The orc priest calls down the wrath of Beogh upon you.
You barely resist. You hit the orc priest.
The orc priest is lightly wounded.
The orc priest barely misses you.
You closely miss the orc priest.
The orc priest is lightly wounded.
The orc priest closely misses you.
You hit the orc priest.
The orc priest is moderately wounded.
The orc priest hits you with a +0 trident.
You puncture the orc priest!
The orc priest is severely wounded.
The orc priest casts a cantrip, but nothing happens.
You closely miss the orc priest.
The orc priest is severely wounded.
The orc priest looks braver for a moment.
You barely miss the orc priest.
The orc priest is severely wounded.
The orc priest barely misses you.
You hit the orc priest but do no damage.
The orc priest is severely wounded.
The orc priest calls down the wrath of Beogh upon you.
Beogh smites you!
* * * LOW HITPOINT WARNING * * *
You hit the orc priest but do no damage.
The orc priest is severely wounded.
The orc priest barely misses you.
You hit the orc priest.
The orc priest is almost dead.
The orc priest hits you with a +0 trident.
You die...

.)..# ########
###.# #......# #.#
#......# #.#
#......# #.#
#......##### #.#
#......'...# ###.#
#......###.###
....############o#
#...#
....'...........@#
###.#
....##############
#)# ....# #####.#
##### #.....#
#.#############
#.#.........#<#
#.#.#######.#.#
#.#...#.....#.#
#.###.#.#####.#


You could see an orc priest.

Vanquished Creatures
  A worm (D:2)
  A dart slug (D:2)
  5 ball pythons (D:2)
  5 endoplasms
  3 giant cockroaches
  2 goblins
  6 hobgoblins
  A quokka (D:1)
  5 bats
  8 kobolds
  2 rats
39 creatures vanquished.

Notes
Turn   | Place    | Note
-------+----------+-------------------------------------------
     0 | D:1      | Demosthentine the Merfolk Gladiator began the quest for the
                  | Orb.
     0 | D:1      | Reached XP level 1. HP: 16/16 MP: 1/1
   229 | D:1      | Reached XP level 2. HP: 23/23 MP: 2/2
  1182 | D:2      | Reached XP level 3. HP: 24/28 MP: 3/3
  1220 | D:2      | Found Zuomum's Antique Armour Shop.
  1393 | D:2      | Found Jafibest's Magic Scroll Shop.
  1618 | D:2      | Reached skill level 5 in Polearms
  1794 | D:2      | Reached skill level 1 in Armour
  2343 | D:2      | Slain by an orc priest

Illustrated notes

Levels and vault maps discovered:
D:1:      onia_arrival_mini_maze_b, layout_basic
D:2:      layout_basic, serial_shops, shop, shop, kennysheep_doodads
D:3:      layout_basic, shapermc_ecumenical_altar_petra

Skill      XL: |  1  2  3 |
---------------+----------+-----
Polearms       | 5 |  5.0
Armour         | 1 |  1.0
Fighting       | |  2.9
Throwing       | |  2.0
Dodging        | |  4.6

Action                   || total
-------------------------++-------
Melee: Trident           ||   133
  Use: Scroll            ||     2
 Stab: Sleeping          ||     5
Armor: Leather armour    ||    29
Dodge: Dodged            ||    66

Table legend: (Time is in decaauts)
 A = Elapsed time spent in this place.
 B = Non-inter-level travel time spent in this place.
 C = Inter-level travel time spent in this place.
 D = Time resting spent in this place.
 E = Time spent auto-exploring this place.
 F = Levels seen in this place.
 G = Mean time per level.
                   A        B        C        D        E       F      G
               +--------+--------+--------+--------+--------+-----+--------+
         Total |   2344 |   2298 |     46 |      0 |   2035 |   3 |  781.3 |
       Dungeon |   2344 |   2298 |     46 |      0 |   2035 |   3 |  781.3 |
               +--------+--------+--------+--------+--------+-----+--------+

Top non-repeatable levels by time:
     D:2: 1245 daAuts
     D:1: 1085 daAuts
     D:3: 13 daAuts
